 Dungeon Crawl Stone Soup version 0.17-a0-72-gd614ac0 (webtiles) character file.

254 Chiseanne the Magician (level 6, -3/36 HPs)
             Began as an Octopode Wizard on Mar 13, 2015.
             Slain by a water moccasin skeleton (7 damage)
             ... on level 4 of the Dungeon.
             The game lasted 00:09:02 (4480 turns).

Chiseanne the Magician (Octopode Wizard)            Turns: 4480, Time: 00:09:02

Health: -3/36      AC:  2    Str:  8    XL:     6   Next: 14%
Magic:  4/16       EV: 12    Int: 21    God:
Gold:   164        SH:  0    Dex: 10    Spells: 5 memorised, 3 levels left

rFire  . . .     SeeInvis .     a - +3 dagger (vamp)
rCold  . . .     Clarity  .     (no shield)
rNeg   . . .     SustAb   .     b - +1 hat
rPois  .         Gourm    .     (no amulet)
rElec  .         Spirit   .     (no ring)
rCorr  .         Warding  .     (no ring)
rMut   .         Stasis   .     (no ring)
MR     .....                    (no ring)
Stlth  +++.......               (no ring)
                                (no ring)
                                (no ring)
                                (no ring)

@: very slightly contaminated, not resistant to hostile enchantments, fairly
stealthy
A: almost no armour, amphibious, 8 rings, constrict 8, camouflage 1, gelatinous
body 1
a: no special abilities


You were on level 4 of the Dungeon.
You were not hungry.

You visited 1 branch of the dungeon, and saw 4 of its levels.

You collected 164 gold pieces.

Inventory:

Hand weapons
 a - a +3 vampiric dagger (weapon)
Missiles
 e - 21 sling bullets
 g - 13 poisoned needles
 m - 45 arrows
 n - 7 javelins (quivered)
Armour
 b - a +1 hat (worn)
Scrolls
 k - a scroll of teleportation
Potions
 h - a potion of brilliance
 j - a potion of curing
 l - a potion of might
 o - a potion of flight
 p - 2 potions of heal wounds
 q - a potion of degeneration {unknown}
 r - 2 potions of haste {unknown}
Books
 c - a book of Minor Magic

   Spells                             Type                      Level
   a - Magic Dart                     Conjuration                  1
   b - Blink                          Translocation                2
   c - Call Imp                       Summoning                    2
   d - Repel Missiles                 Charms/Air                   2
   e - Slow                           Hexes                        2
   f - Conjure Flame                  Conjuration/Fire             3
   g - Mephitic Cloud                 Conjuration/Poison/Air       3
Comestibles
 d - 4 bread rations
 f - 2 meat rations


   Skills:
 * Level 2.9 Dodging
 - Level 2.6 Stealth
 * Level 4.7 Spellcasting
 * Level 3.7 Conjurations
   Level 1.0 Summonings
 - Level 1.0 Translocations


You had 3 spell levels left.
You knew the following spells:

 Your Spells              Type           Power        Failure   Level  Hunger
a - Magic Dart            Conj           ###.         2%          1    None
b - Blink                 Tloc           N/A          12%         2    #......
c - Repel Missiles        Chrm/Air       #.....       17%         2    #......
d - Conjure Flame         Conj/Fire      ##......     17%         3    ##.....
e - Mephitic Cloud        Conj/Pois/Air  ##......     24%         3    ##.....


Dungeon Overview and Level Annotations

Branches:
Dungeon (4/15)
 Temple: D:4-7

Altars:

Annotations:
D:4 braks' ghost, average HOFE


Innate Abilities, Weirdness & Mutations

You cannot wear most types of armour.
You are amphibious.
You can wear up to eight rings at the same time.
You can use your tentacles to constrict many enemies at once.
Your skin changes colour to match your surroundings (Stealth).
Your rubbery body absorbs attacks (AC +1).


Message History

Casting: Magic Dart
Confirm with . or Enter, or press ? or * to list all spells.
Aiming: Magic Dart
Press: ? - help, Shift-Dir - straight line, f/p - water moccasin skeleton
Aim: a water moccasin skeleton The magic dart hits the water moccasin skeleton.
The water moccasin skeleton bites you.
* * * LOW HITPOINT WARNING * * *
Casting: Magic Dart
Confirm with . or Enter, or press ? or * to list all spells.
Aiming: Magic Dart
Press: ? - help, Shift-Dir - straight line, f/p - water moccasin skeleton
Aim: a water moccasin skeleton You miscast Magic Dart.
Nothing appears to happen.
The water moccasin skeleton bites you but does no damage.
Casting: Magic Dart
Confirm with . or Enter, or press ? or * to list all spells.
You miscast Blink.
Strange energies run through your body. The water moccasin skeleton bites you!
You die...

. .# #.# #.## # #.#
...# #. #.# .$.#
#.##.#### ...#
##.......# ...#
.....##.###...#####
#..#.#....@Z.......
#..#............... #
#..#.#............
#.##....>..###...####
#.......#### ...#
####.#### ...# #.#
...# #.# ...#
##.##### #


You could see a water moccasin skeleton.

Vanquished Creatures
  An orc priest (D:3)
  2 orc wizards (D:3)
  Jessica (D:2)
  6 adders
  2 worms (D:2)
  3 giant geckos
  An ooze (D:1)
  2 orcs (D:3)
  8 goblins
  10 hobgoblins
  6 jackals
  A quokka (D:3)
  2 ball pythons
  12 bats
  3 giant cockroaches
  5 giant newts
  7 kobolds
  17 rats
89 creatures vanquished.

Notes
Turn   | Place    | Note
--------------------------------------------------------------
     0 | D:1      | Chiseanne, the Octopode Wizard, began the quest for the Orb.
     0 | D:1      | Reached XP level 1. HP: 11/11 MP: 4/4
   555 | D:1      | Reached XP level 2. HP: 12/17 MP: 1/6
  1326 | D:1      | Reached XP level 3. HP: 21/21 MP: 4/8
  1959 | D:2      | Reached XP level 4. HP: 27/27 MP: 2/10
  2106 | D:2      | Learned a level 2 spell: Blink
  2109 | D:2      | Learned a level 2 spell: Repel Missiles
  2113 | D:2      | Learned a level 3 spell: Conjure Flame
  2287 | D:2      | Reached skill level 4 in Spellcasting
  3086 | D:2      | Noticed Jessica
  3094 | D:2      | Killed Jessica
  3647 | D:3      | Reached XP level 5. HP: 31/31 MP: 10/13
  3673 | D:3      | Learned a level 3 spell: Mephitic Cloud
  4158 | D:3      | Reached XP level 6. HP: 36/36 MP: 12/15
  4442 | D:4      | Noticed braks' ghost (average HOFE)
  4480 | D:4      | Slain by a water moccasin skeleton

Action                   |  1- 3 |  4- 6 || total
-------------------------+-------+-------++-------
Melee: Unarmed           |     6 |       ||     6
       Short sword       |    23 |     4 ||    27
       Dagger            |       |    10 ||    10
 Cast: Magic Dart        |    86 |   122 ||   208
  Use: Potion            |     1 |       ||     1
       Scroll            |     5 |     8 ||    13
 Stab: Sleeping          |     1 |     1 ||     2
  Eat: Chunk             |     3 |     7 ||    10
       Meat ration       |       |     1 ||     1
